 Dungeon Crawl Stone Soup version 0.31-a0-229-g1fc7ce93e2 (webtiles) character file.

Game seed: 1794638806915460696

200 qw the Shooter (level 5, -4/41 HPs)
             Began as a Minotaur Hexslinger on July 6, 2023.
             Was an Initiate of Okawaru.
             Slain by a water moccasin (7 damage)
             ... on level 5 of the Dungeon.
             The game lasted 00:01:05 (3011 turns).

qw the Shooter (Minotaur Hexslinger)                Turns: 3011, Time: 00:01:05

Health: -4/41      AC:  5    Str: 12    XL:     5   Next: 49%
Magic:  5/5        EV: 11    Int: 10    God:    Okawaru [......]
Gold:   93         SH:  0    Dex: 15    Spells: 5/6 levels left

rFire   . . .        Y - +1 sling
rCold   . . .        (no shield)
rNeg    . . .        d - +0 ring mail
rPois   .            (helmet restricted)
rElec   .            (no cloak)
rCorr   .            (no gloves)
SInv    .            (no boots)
Will    .....        (no amulet)
Stlth   +            (no ring)
HPRegen 0.26/turn    (no ring)
MPRegen 0.09/turn

%: no passive effects
@: lethally poisoned (-4 -> -7)
A: horns 2, retaliatory headbutt
a: Renounce Religion


You were on level 5 of the Dungeon.
You worshipped Okawaru.
Okawaru was noncommittal.
You visited 2 branches of the dungeon, and saw 6 of its levels.

You collected 196 gold pieces.
You spent 103 gold pieces at shops.


Innate Abilities, Weirdness & Mutations

You have a pair of horns on your head.
You reflexively headbutt those who attack you in melee.


   Skills:
 + Level 2.2 Fighting
 - Level 5.9 Ranged Weapons
 - Level 1.4 Armour
 - Level 2.1 Dodging
 - Level 1.0 Spellcasting
 - Level 2.0 Hexes


You had 5 spell levels left.
You knew the following spells:

 Your Spells              Type           Power      Damage    Failure   Level
a - Slow                  Hex            16%        N/A       32%         1

Your spell library contained the following spells:

 Spells                   Type           Power      Damage    Failure   Level
 Inner Flame              Hex/Fire       2%         N/A       83%         3
 Portal Projectile        Hex/Tloc       4%         N/A       83%         3
 Cause Fear               Hex            2%         N/A       97%         4

Inventory:

Hand Weapons
 Y - a +1 sling (weapon)
Armour
 d - a +0 ring mail (worn)
Scrolls
 a - 3 scrolls of identify
 g - a scroll of enchant armour
 l - a scroll of noise {unknown}
 m - a scroll of fear {unknown}
 n - a scroll of torment {unknown}
Potions
 b - a potion of degeneration {unknown}
 c - a potion of curing {unknown}
 e - a potion of enlightenment {unknown}
 f - 2 potions of might {unknown}
 i - a potion of haste {unknown}
 j - a potion of attraction {unknown}
 k - a potion of lignification {unknown}

Dungeon Overview and Level Annotations

Branches:
Dungeon (4/15)             Temple (1/1) D:4

Altars:
Ashenzari
Cheibriados
Dithmenos
Elyvilon
Fedhas
Gozag
Hepliaklqana
Kikubaaqudgha
Makhleb
Nemelex Xobeh
Okawaru
Qazlal
Ru
Sif Muna
Trog
Uskayaw
Vehumet
Xom
Yredelemnul
Zin
The Shining One

Shops:
D:3 [


Message History

You feel very sick. The water moccasin bites you.
The water moccasin barely misses you.
You shoot a sling bullet.
The sling bullet closely misses the water moccasin.
You feel very sick. The water moccasin barely misses you.
The water moccasin bites you.
3004 ||| DRINKING potion of heal wounds.
You feel much better.
You feel sick. The water moccasin closely misses you.
You shoot a sling bullet.
The sling bullet hits the water moccasin but does no damage.
You feel sick.
The water moccasin closely misses you. x2
You shoot a sling bullet.
The sling bullet closely misses the water moccasin.
You feel sick. The water moccasin closely misses you.
The water moccasin bites you.
You are more poisoned.
The water moccasin poisons you!
You shoot a sling bullet.
The sling bullet hits the water moccasin but does no damage.
You feel very sick. The water moccasin bites you.
You shoot a sling bullet.
The sling bullet misses the water moccasin.
You feel very sick. The water moccasin barely misses you.
The water moccasin misses you.
You shoot a sling bullet.
The sling bullet barely misses the water moccasin.
You feel sick. The water moccasin barely misses you. You furiously retaliate!
You headbutt the water moccasin! The water moccasin bites you.
You shoot a sling bullet.
The sling bullet hits the water moccasin but does no damage.
The water moccasin is moderately wounded.
You feel sick. The water moccasin bites you.
You shoot a sling bullet.
The sling bullet hits the water moccasin.
The water moccasin is moderately wounded.
You feel sick. The water moccasin barely misses you. You furiously retaliate!
You headbutt the water moccasin. The water moccasin bites you!
You die...

## ### #. ..#
#.##.###.#
#....@.#.# ###
####S#.#'###..
#.#.....#.#
#.#.....#.#
#.#.....#.#######
#?#.............#
#.#.............#
#.#.#.##........#
#.#.##........#


You could see a water moccasin.

Vanquished Creatures
  Pargi (D:3)
  Jessica (D:2)
  2 adders (D:2)
  3 dart slugs (D:1)
  8 endoplasms
  4 giant cockroaches
  A goblin (D:1)
  7 hobgoblins
  2 jackals (D:2)
  5 kobolds
  4 quokkas
  8 ball pythons
  5 bats
  5 frilled lizards
  4 rats
60 creatures vanquished.

Notes
Turn   | Place    | Note
-------+----------+-------------------------------------------
     0 | D:1      | qw the Minotaur Hexslinger began the quest for the Orb.
     0 | D:1      | Reached XP level 1. HP: 16/16 MP: 1/1
     0 | D:1      | 0 ||| qw: Version: 0.3-a-46-gb1f654a
     0 | D:1      | 0 ||| qw: Game counter: 1695
     0 | D:1      | 0 ||| qw: Melee chars always use a shield: true
     0 | D:1      | 0 ||| qw: God list: Okawaru
     0 | D:1      | 0 ||| qw: Allow faded altars: false
     0 | D:1      | 0 ||| qw: Do Orc after clearing Dungeon:15 true
     0 | D:1      | 0 ||| qw: Do second Lair branch before Depths: true
     0 | D:1      | 0 ||| qw: Lair rune preference: random
     0 | D:1      | 0 ||| qw: Goals: Normal
     0 | D:1      | 0 ||| PLANNING D:1-11
   169 | D:1      | Reached skill level 3 in Ranged Weapons
   177 | D:1      | Reached XP level 2. HP: 12/23 MP: 2/2
   512 | D:1      | Reached XP level 3. HP: 29/29 MP: 3/3
   788 | D:1      | 788 ||| UPGRADING to +0 ring mail.
   798 | D:1      | 798 ||| DROPPING +0 robe.
   799 | D:1      | 799 ||| READING scroll labelled NEAMISHRUPR HAARHO.
   800 | D:1      | 800 ||| READING scroll labelled WEYWNY JEYCH.
   801 | D:1      | 801 ||| READING scroll labelled IHI NYENOEWIDGH.
   802 | D:1      | 802 ||| READING scroll labelled QUERGH ZAINALI.
   803 | D:1      | 803 ||| READING scroll labelled VIOMANG DOXTI.
   807 | D:1      | 807 ||| DROPPING scroll of poison.
   928 | D:2      | Noticed Jessica
   933 | D:2      | 933 ||| Stepping ~*~*~tactically~*~*~ (outnumbered).
   937 | D:2      | Killed Jessica
   938 | D:2      | Reached skill level 4 in Ranged Weapons
   947 | D:2      | Reached XP level 4. HP: 34/36 MP: 4/4
  1037 | D:2      | Found a shimmering altar of Xom.
  1138 | D:2      | Found a faded altar of an unknown god.
  1151 | D:2      | Reached skill level 1 in Armour
  1742 | D:3      | Noticed Pargi
  1756 | D:3      | HP: 7/36 [Pargi (7)]
  1757 | D:3      | 1757 ||| READING scroll of teleportation.
  1757 | D:3      | HP: 3/36 [Pargi (2)]
  1759 | D:3      | Found Mudeiv's Antique Armour Shop.
  1889 | D:3      | 1889 ||| BUYING glowing robe (103 gold).
  1889 | D:3      | Bought a glowing robe for 103 gold pieces
  1905 | D:3      | Killed Pargi
  1906 | D:3      | Reached skill level 5 in Ranged Weapons
  1906 | D:3      | Reached XP level 5. HP: 15/41 MP: 5/5
  2509 | D:3      | 2509 ||| DROPPING +1 robe.
  2510 | D:3      | 2510 ||| READING 2 scrolls labelled YSOXYW USIUL.
  2511 | D:3      | 2511 ||| DROPPING scroll of vulnerability.
  2597 | D:4      | Found a staircase to the Ecumenical Temple.
  2598 | D:4      | 2598 ||| PLANNING TEMPLE
  2598 | D:4      | 2598 ||| DRINKING 3 clear potions.
  2606 | Temple   | Entered the Ecumenical Temple
  2633 | Temple   | 2633 ||| PLANNING OKAWARU WORSHIP
  2779 | Temple   | Became a worshipper of Warmaster Okawaru
  2780 | Temple   | 2780 ||| PLANNING D:1-11
  2973 | D:4      | You fall into a shaft and drop 1 floor!
  2973 | D:5      | Entered Level 5 of the Dungeon
  2993 | D:5      | Noticed a water moccasin
  3000 | D:5      | HP: 10/41 [poisoned by a water moccasin]
  3000 | D:5      | HP: 4/41 [water moccasin (6)]
  3001 | D:5      | 3001 ||| DRINKING 2 potions of heal wounds.
  3004 | D:5      | 3004 ||| DRINKING potion of heal wounds.
  3010 | D:5      | HP: 9/41 [poisoned by a water moccasin]
  3011 | D:5      | HP: 3/41 [poisoned by a water moccasin]
  3011 | D:5      | Slain by a water moccasin

Levels and vault maps discovered:
D:1:      minmay_arrival_four_circles, layout_loops_ring, fountainhead
D:2:      layout_basic, nicolae_ecumenical_snake_handling, basic_altar,
          uniq_jessica
D:3:      layout_loops_ring, serial_shops, nicolae_shop_stone, uniq_pargi
D:4:      layout_basic, minmay_temple_entry_waves, serial_shops,
          kennysheep_mini_moat, nicolae_shop_peninsula, kennysheep_mini
D:5:      layout_basic, uniq_sigmund
Temple:   minmay_crystal_snake_temple

Skill      XL: |  1  2  3  4 |
---------------+-------------+-----
Ranged Weapons | 3 4 5 |  5.9
Fighting       | 2 |  2.2
Armour         | 1 |  1.4
Dodging        | |  2.1
Spellcasting   | |  1.0
Hexes          | |  2.0

Action                     |  1- 3 |  4- 6 || total
---------------------------+-------+-------++-------
   Fire: Sling             |    96 |   132 ||   228
    Use: Scroll            |     5 |     2 ||     7
         Potion            |       |     3 ||     3
 Armour: Robe              |     7 |       ||     7
         Ring mail         |     6 |    49 ||    55
  Dodge: Dodged            |    23 |    87 ||   110

Table legend:
 A = Non-vault XP
 B = Vault XP
 C = Vault XP percentage of total XP
 D = Non-vault monster count
 E = Vault monster count
 F = Vault count percentage of total count
                 A         B        C        D         E       F
            +---------+---------+-------+---------+---------+-------
      Total |      99 |     188 |  65.5 |      55 |       5 |   8.3
            +---------+---------+-------+---------+---------+-------
        D:1 |      56 |       0 |   0.0 |      30 |       0 |   0.0
        D:2 |      22 |      64 |  74.4 |      13 |       4 |  23.5
        D:3 |      19 |     124 |  86.7 |      11 |       1 |   8.3
        D:4 |       2 |       0 |   0.0 |       1 |       0 |   0.0
            +---------+---------+-------+---------+---------+-------
